 Dungeon Crawl Stone Soup version 0.26.0-11-g8f856b5395 (webtiles) character file.

Game seed: 6435436218750275743

536 Marvel the Chopper (level 7, -5/60 HPs)
             Began as a Hill Orc Fighter on Jan 15, 2021.
             Was an Initiate of Okawaru.
             Slain by an ogre
             ... wielding a +0 giant club
              (20 damage)
             ... on level 4 of the Dungeon.
             The game lasted 00:03:38 (3634 turns).

Marvel the Chopper (Hill Orc Fighter)               Turns: 3634, Time: 00:03:39

Health: -5/60      AC:  7    Str: 21    XL:     7   Next: 25%
Magic:  6/6        EV:  8    Int: 10    God:    Okawaru [......]
Gold:   173        SH:  9    Dex: 10    Spells: 6/6 levels left

rFire    . . .     SeeInvis .   a - +0 war axe
rCold    . . .     Faith    +   c - +0 kite shield
rNeg     . . .     Spirit   .   b - +0 scale mail
rPois    .         Reflect  .   (no helmet)
rElec    .         Harm     .   (no cloak)
rCorr    .         Rampage  .   (no gloves)
Will     .....                  (no boots)
Stlth    ..........             h - amulet of faith
HPRegen  0.20/turn              (no ring)
MPRegen  0.10/turn              (no ring)

@: no status effects
A: clever 1, low mp 1
a: Renounce Religion


You were on level 4 of the Dungeon.
You worshipped Okawaru.
Okawaru was noncommittal.
You visited 2 branches of the dungeon, and saw 5 of its levels.

You collected 173 gold pieces.

Inventory:

Hand Weapons
 a - a +0 war axe (weapon)
Armour
 b - a +0 scale mail (worn)
 c - a +0 kite shield (worn)
Jewellery
 d - an uncursed ring of poison resistance {unknown}
 h - an amulet of faith (around neck)
 p - a cursed ring of attention {unknown}
Scrolls
 f - 2 scrolls of teleportation {unknown}
 g - a scroll of enchant armour {unknown}
 i - a scroll of magic mapping {unknown}
 j - a scroll of blinking {unknown}
 k - 4 scrolls of remove curse {unknown}
 l - a scroll of immolation {unknown}
 m - 5 scrolls of identify {unknown}
Potions
 e - 3 potions of curing
 n - a potion of ambrosia {unknown}


   Skills:
 + Level 4.7 Fighting
 + Level 6.6 Axes
 + Level 5.1 Armour
 + Level 1.2 Dodging
 + Level 0.3 Stealth
 + Level 4.8 Shields


You had 6 spell levels left.
You didn't know any spells.
Your spell library was empty.

Dungeon Overview and Level Annotations

Branches:
Dungeon (4/15)             Temple (1/1) D:4

Altars:
Ashenzari
Dithmenos
Fedhas
Kikubaaqudgha
Nemelex Xobeh
Okawaru
Trog
Yredelemnul


Innate Abilities, Weirdness & Mutations

Your mind is acute. (Int +2)
Your magical capacity is low. (-10% MP)


Message History

An ogre is nearby!
An ogre is nearby!
You are too injured to fight recklessly!
You are too injured to fight recklessly!
An ogre is nearby!
An ogre is nearby!
You are too injured to fight recklessly!
You are too injured to fight recklessly!
You are too injured to fight recklessly!
An ogre is nearby!
An ogre is nearby!
You are too injured to fight recklessly!
You are too injured to fight recklessly!
An ogre is nearby!
An ogre is nearby!
An ogre is nearby!
You hit the ogre.
The ogre is severely wounded.
The ogre hits you with a +0 giant club!!
You die...

#+# ######### #.#
#.......# #.#
#O#.......#
######.####@#.###.###
..............# #
###.....##.......
##...########## ##.##
#.# #.# #.# #.#


You could see an ogre.

Vanquished Creatures
  Grinder (D:3)
  An ogre (D:4)
  2 orc priests
  2 orc wizards (D:3)
  7 adders
  An ooze (D:3)
  An adder skeleton (D:4)
  A worm (D:3)
  2 dart slugs
  3 leopard geckos
  5 orcs
  2 ball pythons
  5 bats
  2 giant cockroaches
  5 goblins
  7 hobgoblins
  7 jackals
  A quokka (D:2)
  6 frilled lizards
  4 kobolds
  8 rats
73 creatures vanquished.

Vanquished Creatures (others)
  A plant (D:1)
1 creature vanquished.

Grand Total: 74 creatures vanquished

Notes
Turn   | Place    | Note
-------+----------+-------------------------------------------
     0 | D:1      | Marvel the Hill Orc Fighter began the quest for the Orb.
     0 | D:1      | Reached XP level 1. HP: 19/19 MP: 1/1
   123 | D:1      | Reached XP level 2. HP: 27/27 MP: 2/2
   259 | D:1      | Reached skill level 3 in Axes
   589 | D:1      | Reached XP level 3. HP: 33/33 MP: 3/3
   668 | D:1      | You fall into a shaft and drop 1 floor!
   699 | D:2      | Reached skill level 4 in Axes
   699 | D:2      | Reached XP level 4. HP: 10/40 MP: 4/4
   723 | D:3      | Gained mutation: Your magical capacity is low. (-10% MP)
                  | [potion of mutation]
   723 | D:3      | Gained mutation: Your mind is acute. (Int +2) [potion of
                  | mutation]
  1077 | D:2      | Reached XP level 5. HP: 42/46 MP: 4/4
  2149 | D:3      | Noticed Grinder
  2152 | D:3      | Paralysed by Grinder for 3 turns
  2160 | D:3      | Paralysed by Grinder for 7 turns
  2166 | D:3      | HP: 2/46 [Grinder (6)]
  2182 | D:4      | Found a staircase to the Ecumenical Temple.
  2183 | D:4      | HP: 1/46 [orc priest/nerve-wracking pain (2)]
  2191 | D:3      | Paralysed by Grinder for 2 turns
  2487 | D:3      | Killed Grinder
  2488 | D:3      | Reached skill level 5 in Axes
  2488 | D:3      | Reached skill level 1 in Dodging
  2488 | D:3      | Reached XP level 6. HP: 37/53 MP: 5/5
  2588 | D:3      | Reached skill level 6 in Axes
  3117 | Temple   | Entered the Ecumenical Temple
  3138 | Temple   | Became a worshipper of Warmaster Okawaru
  3187 | D:4      | Reached XP level 7. HP: 44/60 MP: 6/6
  3365 | D:4      | Reached skill level 5 in Armour
  3634 | D:4      | Slain by an ogre

Illustrated notes

Levels and vault maps discovered:
D:1:      onia_arrival_handbag, layout_basic, serial_forest,
          infiniplex_forest_join, infiniplex_forest_clump_C,
          infiniplex_forest_straight_5, infiniplex_forest_lined_room_,
          infiniplex_forest_clump_C, chequers_decorated_corner,
          chequers_mini_garden, minmay_misc_feat_enclosed
D:2:      layout_loops_corners, minmay_distorted
D:3:      layout_loops_ring, uniq_grinder
D:4:      layout_loops_corners, minmay_temple_entry_proselytizer,
          nicolae_ru_awakened_eye, uniq_natasha
Temple:   nicolae_temple_the_god_donut

Skill      XL: |  1  2  3  4  5  6  7 |
---------------+----------------------+-----
Axes           | 3 4 5 6 |  6.6
Fighting       | 4 |  4.7
Shields        | 4 |  4.8
Armour         | 4 5 |  5.1
Dodging        | 1 |  1.2
Stealth        | |  0.3

Action                   |  1- 3 |  4- 6 |  7- 9 || total
-------------------------+-------+-------+-------++-------
Melee: War axe           |   101 |   155 |    15 ||   271
  Use: Potion            |       |     6 |     1 ||     7
Armor: Scale mail        |    40 |    86 |     6 ||   132
Dodge: Dodged            |    30 |    50 |     7 ||    87
Block: Kite shield       |    41 |    70 |       ||   111
